 Dungeon Crawl Stone Soup version 0.19-a0-1035-gdbfb0c6 (webtiles) character file.

5240 JustSomeDude the Nimble (level 10, 0/118 HPs)
             Began as a Demonspawn Monk on July 29, 2016.
             Was an Elder of Dithmenos.
             Slain by a griffon (10 damage)
             ... on level 9 of the Dungeon.
             The game lasted 00:52:13 (10766 turns).

JustSomeDude the Nimble (Demonspawn Monk)          Turns: 10766, Time: 00:52:14

Health: 0/118      AC:  5    Str: 19    XL:     10   Next: 35%
Magic:  0/10       EV: 19    Int: 12    God:    Dithmenos [****..]
Gold:   1235       SH:  0    Dex: 22    Spells: 0 memorised, 9 levels left

rFire  + . .     SeeInvis .     p - +1 short sword (venom)
rCold  + . .     Gourm    .     n - +0 leather armour
rNeg   . . .     Faith    .     (no shield)
rPois  +         Spirit   +     (helmet restricted)
rElec  +         Dismiss  .     (no cloak)
rCorr  .         Reflect  .     u - +1 pair of gloves
SustAt .         Harm     .     (no boots)
MR     .....                    z - amulet of guardian spirit
Stlth  ..........               k - ring of protection from cold
                                o - ring of poison resistance

@: berserking, wreathed by umbra, very quick, not resistant to hostile
enchantments, extremely unstealthy
A: horns 2, thin skeletal structure 3, deterioration 1, fire resistance 1,
nightstalker 1, powered by death 1, electricity resistance
a: Shadow Step, Renounce Religion


You were on level 9 of the Dungeon.
You worshipped Dithmenos.
Dithmenos was greatly pleased with you.
You were hungry.

You visited 2 branches of the dungeon, and saw 10 of its levels.
You also visited: Bailey.

You collected 1235 gold pieces.

Inventory:

Hand Weapons
 f - a +0 broad axe
 p - a +1 short sword of venom (weapon)
 G - a +0 executioner's axe
Missiles
 j - 34 tomahawks of returning (quivered)
 l - 10 tomahawks
Armour
 n - a +0 leather armour (worn)
 u - a +1 pair of gloves (worn)
Jewellery
 k - a ring of protection from cold (right hand)
 o - a ring of poison resistance (left hand)
 z - an amulet of guardian spirit (around neck)
Wands
 m - a wand of paralysis (5/24)
 v - a wand of digging (15/24)
 D - a wand of iceblast (4/15)
Scrolls
 d - 5 scrolls of random uselessness
 e - 7 scrolls of identify
 h - 3 scrolls of magic mapping
 i - a scroll of remove curse
 q - 3 scrolls of teleportation {unknown}
 t - 2 scrolls of amnesia
 w - a scroll of noise {unknown}
 y - a scroll of recharging
 B - a scroll of silence {unknown}
Potions
 r - a potion of flight
 s - a potion of lignification {unknown}
 H - a potion of might
Books
 x - a book of the Tempests

   Spells                             Type                      Level
   a - Static Discharge               Conjuration/Air              3
   b - Lightning Bolt                 Conjuration/Air              5
   c - Fireball                       Conjuration/Fire             5
   d - Tornado                        Air                          9
   e - Shatter                        Earth                        9
Miscellaneous
 a - a crystal ball of energy
Comestibles
 b - 4 beef jerkies
 c - 5 bread rations
 g - 3 meat rations
 A - 7 slices of pizza
 C - 3 fruits
 F - 4 chunks of flesh


   Skills:
 + Level 7.1 Fighting
 + Level 3.6 Short Blades
 + Level 5.1 Axes
 + Level 2.2 Throwing
 + Level 5.0 Armour
 + Level 8.0 Dodging
 + Level 7.1 Stealth


You had 9 spell levels left.
You didn't know any spells.

Dungeon Overview and Level Annotations

Branches:
Dungeon (9/15)             Temple (1/1) D:5
   Lair: D:8-11         Orc: D:9-12

Altars:
Ashenzari
Cheibriados
Dithmenos
Elyvilon
Fedhas
Gozag
Hepliaklqana
Kikubaaqudgha
Makhleb
Nemelex Xobeh
Okawaru
Pakellas
Qazlal
Ru
Sif Muna
Trog
Uskayaw
Vehumet
Xom
Yredelemnul
Zin
The Shining One


Innate Abilities, Weirdness & Mutations

You have a pair of horns on your head.
You have an unnaturally thin skeletal structure. (Dex +6, Stealth++)
You are slightly more attuned to the shadows.
You regenerate a little health from kills.
Your body sometimes deteriorates upon taking damage.
Your flesh is heat resistant. (rF+)
You are resistant to electric shocks. (rElec)


Message History

The gargoyle hurls a stone arrow at you.
The stone arrow misses you.
The stone arrow hits the griffon.
The griffon bites you but does no damage.
The griffon misses you. The griffon closely misses you.
You are too berserk!
You barely miss the griffon.
The griffon is severely wounded.
You barely miss the griffon. Your headbutt misses the griffon.
The griffon is severely wounded.
The gargoyle hits you with a mace!!
* * * LOW HITPOINT WARNING * * *
The griffon closely misses you. The griffon barely misses you.
The griffon misses you.
You hit the griffon.
The griffon looks as sick as possible!
Your headbutt misses the griffon.
The griffon is almost dead.
You hit the griffon.
The griffon looks as sick as possible!
The griffon is almost dead.
The griffon bites you!
You die...

##.# #..# .#.# .#.#
.#.# # ###### .#.#
.# ##....# .#.##.#
#.###.### ..<...#
####..#...######.##
.#.######
#9@H#####..........
.#.####.#
####....###.####.##
.).))))## ##### #.#
#.# .####### #.#
#.# . ######.## #.#
# ........# #.#
.#####..# #.#
........###<## ####
.#.######.......


You could see a griffon and a gargoyle.

Vanquished Creatures
  Pikel (D:4)
  Prince Ribbit (D:6)
  Sigmund (D:6)
  3 yaks
  A human (D:7)
  A hippogriff (D:7)
  Menkaure (D:6)
  3 water moccasins
  4 sky beasts
  An ice beast (D:6)
  A wasp (D:8)
  6 orc warriors
  A phantom (D:8)
  3 slaves
  3 ogres
  3 giant frogs
  2 scorpions (D:5)
  A wyvern skeleton (D:8)
  5 wights (D:8)
  The ghost of happinesssam the Shooter, a weakling CeHu (D:3)
  A howler monkey (D:9)
  2 crimson imps
  A gnoll shaman (D:4)
  5 orc priests
  2 hounds
  A jelly (D:8)
  11 orc wizards
  2 centaur skeletons
  2 iguanas
  3 worker ants
  4 sheep (D:7)
  A hound zombie (D:5)
  A worker ant zombie (D:9)
  7 gnolls
  2 howler monkey skeletons
  10 adders
  A shadow imp (D:4)
  An ooze (D:2)
  An adder skeleton (D:4)
  4 worms
  2 dart slugs
  11 giant geckos
  30 orcs
  2 ball pythons
  6 giant cockroaches
  2 hobgoblins
  13 jackals
  A quokka (D:6)
  8 bats
  A giant gecko skeleton (D:5)
  2 giant gecko zombies
  4 giant newts
  13 goblins
  2 jackal skeletons
  A jackal zombie (D:7)
  26 kobolds
  8 rats
237 creatures vanquished.

Vanquished Creatures (others)
  An ogre (D:4)
  A giant cockroach (D:4)
2 creatures vanquished.

Grand Total: 239 creatures vanquished

Notes
Turn   | Place    | Note
-------+----------+-------------------------------------------
     0 | D:1      | JustSomeDude the Demonspawn Monk began the quest for the Orb.
     0 | D:1      | Reached XP level 1. HP: 18/18 MP: 1/1
   198 | D:1      | Gained mutation: You have a pair of small horns on your head. [demonic ancestry]
   198 | D:1      | Reached XP level 2. HP: 9/24 MP: 2/2
   448 | D:1      | Reached skill level 3 in Dodging
   601 | D:1      | Gained mutation: You have a somewhat thin skeletal structure. (Dex +2, Stealth) [demonic ancestry]
   601 | D:1      | Reached XP level 3. HP: 16/29 MP: 3/3
  1738 | D:2      | Gained mutation: You regenerate a little health from kills. [demonic ancestry]
  1738 | D:2      | Reached XP level 4. HP: 35/37 MP: 4/4
  1916 | D:3      | Found a radiant altar of Vehumet.
  2448 | D:3      | Noticed happinesssam's ghost (weakling CeHu)
  2458 | D:3      | Killed happinesssam's ghost
  2458 | D:3      | Gained mutation: You have a moderately thin skeletal structure. (Dex +4, Stealth+) [demonic ancestry]
  2458 | D:3      | Reached XP level 5. HP: 38/42 MP: 5/5
  2972 | D:4      | Noticed a slave
  2973 | D:4      | Noticed a slave
  2986 | D:4      | Noticed Pikel
  3022 | D:3      | Killed a slave
  3117 | D:3      | Noticed an ogre
  3129 | D:3      | Killed an ogre
  3129 | D:3      | Reached skill level 4 in Dodging
  3176 | D:3      | Killed a slave
  3514 | D:4      | Reached XP level 6. HP: 28/48 MP: 6/6
  3713 | D:4      | Found a sparkling altar of Nemelex Xobeh.
  3719 | D:4      | HP: 1/48 [ogre/giant spiked club (24)]
  3740 | D:5      | Entered Level 5 of the Dungeon
  4038 | D:5      | Found a staircase to the Ecumenical Temple.
  4047 | Temple   | Entered the Ecumenical Temple
  4456 | D:5      | Reached skill level 1 in Armour
  4487 | D:5      | Found a white marble altar of Elyvilon.
  4682 | D:5      | Gained mutation: You are slightly more attuned to the shadows. [demonic ancestry]
  4682 | D:5      | Reached XP level 7. HP: 52/55 MP: 7/7
  5315 | Temple   | Became a worshipper of Dithmenos the Shadowed
  5315 | Temple   | Reached * piety under Dithmenos
  5315 | Temple   | Reached ** piety under Dithmenos
  5810 | D:4      | Killed Pikel
  5810 | D:4      | Reached skill level 5 in Fighting
  5810 | D:4      | Reached XP level 8. HP: 9/62 MP: 8/8
  6108 | D:4      | Reached skill level 5 in Axes
  6423 | D:4      | Reached skill level 5 in Dodging
  6986 | D:6      | Noticed Menkaure
  6994 | D:6      | Reached skill level 1 in Short Blades
  7460 | D:6      | Noticed Prince Ribbit
  7469 | D:6      | Killed Prince Ribbit
  7478 | D:6      | Reached skill level 6 in Dodging
  7535 | D:6      | Gained mutation: You have an unnaturally thin skeletal structure. (Dex +6, Stealth++) [demonic ancestry]
  7535 | D:6      | Reached XP level 9. HP: 69/69 MP: 9/9
  7538 | D:6      | Found a shattered altar of Ashenzari.
  7538 | D:6      | Found a white marble altar of Elyvilon.
  7792 | D:6      | Noticed Sigmund
  7881 | D:6      | Killed Sigmund
  7881 | D:6      | Reached skill level 5 in Stealth
  8123 | D:6      | HP: 2/103 [Menkaure (7)]
  8124 | D:6      | Killed Menkaure
  8292 | D:6      | Reached *** piety under Dithmenos
  8597 | D:7      | Found a sacrificial altar of Ru.
  8733 | D:7      | Found a flagged portal.
  8760 | Bailey   | Entered a bailey
  8919 | Bailey   | Reached skill level 7 in Dodging
  8926 | Bailey   | Reached skill level 1 in Throwing
  9535 | D:7      | Reached **** piety under Dithmenos
  9829 | D:8      | Gained mutation: You have a pair of horns on your head. [demonic ancestry]
  9829 | D:8      | Reached XP level 10. HP: 77/77 MP: 10/10
  9933 | D:8      | Gained mutation: You are resistant to electric shocks. (rElec) [mutagenic meat]
  9936 | D:8      | Gained mutation: Your body sometimes deteriorates upon taking damage. [mutagenic meat]
  9939 | D:8      | Gained mutation: Your flesh is heat resistant. (rF+) [mutagenic meat]
 10014 | D:8      | Found a hide-covered altar of Uskayaw.
 10579 | D:9      | Reached skill level 5 in Armour
 10633 | D:9      | Reached skill level 8 in Dodging
 10747 | D:9      | Noticed a gargoyle
 10749 | D:9      | Noticed a griffon
 10766 | D:9      | Slain by a griffon

Vault maps used:
D:1:      minmay_arrival_split_and_join, minmay_circled_x
D:3:      lemuel_crystal_altar, first_bread
D:4:      lemuel_crystal_altar, uniq_pikel
D:5:      elyvilon_altar_3
D:6:      gammafunk_temple_overflow_elements, st_stairs_13, uniq_prince_ribbit1,
          uniq_sigmund, uniq_menkaure
D:7:      nicolae_ru_great_annihilating_truth, enter_bailey_2, grunt_livestock
D:8:      kennysheep_mini
D:9:      minmay_chopped_fan, orc_david_3, kennysheep_generic_room_14
Temple:   eino_temple_rhombus
Bailey:   bailey_axe_1, bailey

Skill      XL: |  1  2  3  4  5  6  7  8  9 10 |
---------------+-------------------------------+-----
Dodging        | 3 4 6 7 8 |  8.0
Axes           | 3 4 5 |  5.1
Stealth        | 2 3 4 6 7 |  7.1
Fighting       | 4 5 6 7 |  7.1
Armour         | 2 3 4 5 |  5.0
Short Blades   | 2 3 |  3.6
Throwing       | 2 |  2.2

Action                   |  1- 3 |  4- 6 |  7- 9 | 10-12 || total
-------------------------+-------+-------+-------+-------++-------
Melee: Hand axe          |   130 |   169 |    46 |       ||   345
       Headbutt          |    19 |    33 |   108 |    37 ||   197
       Dagger            |       |     8 |       |       ||     8
       Short sword       |       |       |   391 |   127 ||   518
       Broad axe         |       |       |    10 |       ||    10
Throw: Tomahawk          |       |       |    39 |       ||    39
  Use: Potion            |     2 |    12 |     6 |     1 ||    21
       Scroll            |       |     1 |    14 |     1 ||    16
 Stab: Sleeping          |     4 |     7 |    22 |    24 ||    57
       Distracted        |     1 |       |     3 |       ||     4
       Invisible         |       |     3 |     3 |       ||     6
  Eat: Chunk             |     3 |     2 |     5 |     6 ||    16
       Pizza             |       |     1 |       |       ||     1
       Bread ration      |       |     1 |     1 |       ||     2
       Beef jerky        |       |     1 |       |       ||     1
       Meat ration       |       |       |     2 |       ||     2
Armor: Robe              |    21 |     3 |       |       ||    24
       Chain mail        |       |    47 |    21 |       ||    68
       Leather armour    |       |       |    41 |    12 ||    53
Dodge: Dodged            |    91 |   103 |   388 |    95 ||   677
